wizbiz, neutral female human Wizard ----- --------- |[)[| |.......| ------------ |[.[| |.......-# |..........| |[..| ---------------- |.......|# |..........| ---|- |....@&........| |.......|# |..........| # |..............| ##........|# #-..........| # |..............| # ------.--# ###|.........{| # #................###########--------### ## # # ------------ # #---------------- #-.......# # ### # ## |......|###### ### # # |.(....| -|---- ### ### # |.......# |....| # ###### --|-------# --------### |....-## ### -.------- |........-# # |....| # |...>...| |........| ##.....| ##........| |.......(| ------ |.......| ---------- --------- wizbiz the Thaumaturge Experience level: 6 Strength: 10 Dexterity: 11 Constitution: 16 Intelligence: 18 Wisdom: 11 Charisma: 8 Health: 0(51) Energy: 56(56) Def: 5 Gold: 1067 Moves: 3464 Dungeon seed: whjvv0K3iVOQSA84 Game ID: wizbiz_1527186766 Your Inventory: Coins $ - 1067 gold pieces Weapons a - a blessed +1 quarterstaff (weapon in hands) Armor e - an uncursed +1 cloak of magic resistance (being worn) n - an uncursed +0 orcish helm (being worn) N - an uncursed +0 leather armor (being worn) Comestibles J - an uncursed food ration L - an uncursed tripe ration Scrolls i - an uncursed scroll of destroy armor s - an uncursed scroll of remove curse w - an uncursed scroll of enchant weapon C - a cursed scroll of magic mapping Spellbooks F - an uncursed spellbook of extra healing H - an uncursed spellbook of cause fear Potions f - an uncursed potion of gain ability g - an uncursed potion of confusion h - an uncursed potion of gain level A - an uncursed potion of sleeping K - an uncursed potion of water Rings c - an uncursed ring of slow digestion (on left hand) d - an uncursed +2 ring of adornment t - an uncursed ring of regeneration y - an uncursed ring of levitation B - an uncursed ring of warning (on right hand) Wands b - a wand of digging (0:4) o - a wand of digging (0:7) Tools E - an uncursed lock pick Gems q - an uncursed worthless piece of orange glass r - an uncursed worthless piece of black glass z - an uncursed fluorite stone Spells and supernatural/magical abilities: Name Level Category Fail Memory a - force bolt 1 attack 0% 83% c - cause fear 3 enchantment 1% 91% x - extra healing 3 healing 86% 91% O - create monster 2 clerical 59% 83% W - pray for help -- divine ? -- Your skills at the end: Fighting Skills Weapon Skills quarterstaff [Basic] Spellcasting Skills attack spells [Basic] enchantment spells [Basic] Final Attributes: You were piously aligned. You were magic-protected. You were telepathic. You were warned. You had slower digestion. You are dead. Vanquished creatures: a giant mimic a small mimic a leprechaun a rock piercer 2 rock moles a kobold mummy a ghoul a giant ant a little dog a floating eye a kitten a rothe a giant bat 2 dwarf zombies a wererat 2 werejackals 6 iguanas an acid blob a gas spore 2 hobbits 2 manes a hobgoblin a cave spider a yellow mold 2 green molds 2 red molds a gnome zombie 3 geckos 3 jackals 4 goblins 2 sewer rats 2 grid bugs 3 bats 4 lichens 3 newts 63 creatures vanquished. Voluntary challenges: You had followed a strict vegan diet until turn 2777. You had followed a strict vegetarian diet until turn 2777. You were an atheist. You used a wielded weapon 38 times, starting on turn 79. You read items or engraved 20 times, starting on turn 2. You never genocided any monsters. You never polymorphed an object. You never changed form. You used no wishes. You never split a pudding. You wrote Elbereth's name 1 time, starting on turn 3460. You violated your moral code, losing 14 points of alignment, starting on turn 808. Dungeon overview: The Dungeons of Doom: levels 1 to 7 Level 1 some fountains a long staircase Level 2 a general store Level 3 <- You were here an armor shop, a fountain Level 4 stairs to The Gnomish Mines Level 5 a potion shop, a fountain Level 6 Level 7 a fountain The Gnomish Mines: Level 5 stairs to The Dungeons of Doom History has recorded: On T:1 you entered the Dungeons of Doom to retrieve the Amulet of Yendor! On T:251 you reached level 2 of The Dungeons of Doom. On T:259 you advanced to experience level 2. On T:404 you reached level 3 of The Dungeons of Doom. On T:601 you advanced to experience level 3. On T:794 you advanced to experience level 4. On T:1253 you reached level 4 of The Dungeons of Doom. On T:1319 you advanced to experience level 5. On T:1586 you reached level 5 of The Dungeons of Doom. On T:1628 you reached level 1 of The Gnomish Mines. On T:2256 you reached level 6 of The Dungeons of Doom. On T:2389 you advanced to experience level 6. On T:2748 you reached level 7 of The Dungeons of Doom. Score breakdown: Gold: 1067 (10302 points) Experience: 6 levels (12456 points) Exploration: 7 levels ( 14.58%) (10718 points) Discoveries: 7 items ( 2.44%) ( 4685 points) Valuables value: (no points given unless you survive) Artifact value: 0 ( 0 points) Variety of kills: 35 monsters ( 9.19%) ( 9092 points) Turncount: 3464 turns ( -812 points) Survival: died (score multiplied by 80%) Total score: 37152 Latest messages: You unleash a water demon! The fountain dries up! The water demon hurls a milky potion! The bottle crashes on your head and breaks into shards. Something seems to be holding you. The water demon hits! (2x) The water demon bites! The water demon hits! (2x) The water demon bites! The water demon hits! (2x) The water demon bites! The water demon hits! (2x) The water demon bites! The water demon hits! (2x) The water demon bites! The water demon hits! (2x) The water demon bites! The water demon hits! (2x) The water demon bites! You can move again. You write in the dust with your fingers. The water demon turns to flee! (2x) The water demon wields a bow! The water demon hits! (2x) You die... Final status: Goodbye wizbiz the Wizard, killed by a water demon... You died in The Dungeons of Doom on dungeon level 3 with 37152 points, and 1067 pieces of gold, after 3464 moves. You were level 6 with a maximum of 51 hit points when you died.